 Dungeon Crawl Stone Soup version 0.27-a0-836-gfc908b8576 (webtiles) character file.

Game seed: 5469687087029247907

37 polve the Changer (level 3, -1/28 HPs)
             Began as a Draconian Transmuter on Apr 1, 2021.
             Slain by Jessica
             ... wielding a +0 club
              (5 damage)
             ... on level 2 of the Dungeon.
             The game lasted 00:00:57 (1317 turns).

polve the Changer (Draconian Transmuter)            Turns: 1317, Time: 00:00:57

Health: -1/28      AC:  5    Str: 12    XL:     3   Next: 23%
Magic:  6/6        EV: 12    Int: 14    God:
Gold:   27         SH:  0    Dex: 11    Spells: 5/6 levels left

rFire    . . .     SeeInvis .     - Unarmed
rCold    . . .     Faith    .   (no shield)
rNeg     . . .     Spirit   .   (armour unavailable)
rPois    .         Reflect  .   (helmet currently unavailable)
rElec    .         Harm     .   (no cloak)
rCorr    .         Rampage  .   (no gloves)
Will     .....                  (boots currently unavailable)
Stlth    +.........             (no amulet)
HPRegen  0.09/turn              (no ring)
MPRegen  0.10/turn              (no ring)

@: appendages (expiring), slowed, very slow
A: horns 2, talons 2, AC +5, unfitting armour, cold-blooded
a: End Transformation


You were on level 2 of the Dungeon.
You had temporarily grown beastly horns and talons.
You visited 1 branch of the dungeon, and saw 2 of its levels.

You collected 27 gold pieces.

Inventory:

Scrolls
 a - a scroll of amnesia {unknown}
 c - a scroll of teleportation {unknown}
Potions
 b - a potion of magic {unknown}
 d - a potion of curing {unknown}


   Skills:
 - Level 1.1 Fighting
 - Level 1.7 Dodging
 - Level 3.0 Unarmed Combat
 - Level 2.0 Spellcasting
 + Level 3.7 Transmutations


You had 5 spell levels left.
You knew the following spells:

 Your Spells              Type           Power      Damage    Failure   Level
a - Beastly Appendage     Tmut           22%        N/A       4%          1

Your spell library contained the following spells:

 Spells                   Type           Power      Damage    Failure   Level
 Wereblood                Tmut           11%        N/A       8%          2
 Spider Form              Tmut/Pois      3%         N/A       32%         3
 Confusing Touch          Hex            1%         N/A       56%         3
 Gell's Gravitas          Tloc           0%         N/A       56%         3
 Ice Form                 Ice/Tmut       6%         N/A       73%         4
 Petrify                  Tmut/Erth      6%         N/A       73%         4
 Hydra Form               Tmut           5%         N/A       80%         5
 Yara's Violent Unravell  Hex/Tmut       3%         3d4       97%         5
 Metabolic Englaciation   Hex/Ice        0%         N/A       100%        5


Dungeon Overview and Level Annotations

Branches:
Dungeon (2/15)

Altars:

Annotations:
D:2 Jessica


Innate Abilities, Weirdness & Mutations

You have temporarily grown beastly horns and talons.
Your plain brown scales are hard. (AC +5)
You cannot fit into any form of body armour.
You are cold-blooded and may be slowed by cold attacks.


Message History

You are too injured to fight recklessly!
You are too injured to fight recklessly!
You barely miss the frilled lizard.
Your headbutt misses the frilled lizard.
The frilled lizard bites you but does no damage.
You hit the frilled lizard.
Your tail-slap misses the frilled lizard.
The frilled lizard is heavily wounded.
You miss the frilled lizard.
Your tail-slap misses the frilled lizard.
The frilled lizard is heavily wounded.
The frilled lizard bites you.
You closely miss the frilled lizard. You tail-slap the frilled lizard.
You kill the frilled lizard!
Jessica casts a spell at you.
You feel yourself slow down.
Jessica mumbles something strange.
You see here a frilled lizard corpse.
You hit Jessica but do no damage. Your kick misses Jessica.
Jessica hits you with a +0 club.
Jessica gestures wildly while chanting.
Jessica blinks!
Your transformation is almost over.
Jessica misses you.
You hit Jessica.
Jessica is moderately wounded.
Jessica points at you and mumbles some strange words.
You resist with some effort.
You completely miss Jessica.
You tail-slap Jessica, but do no damage.
Jessica is moderately wounded.
Jessica gestures at you while chanting. Pain shoots through your body!
* * * LOW HITPOINT WARNING * * *
You hit Jessica. You claw Jessica, but do no damage.
You headbutt Jessica, but do no damage.
Jessica is moderately wounded.
Jessica gestures at you while chanting.
You barely resist. Jessica hits you with a +0 club.
You die...

#### ##..#
###############..≈##
................≈≈.#
......#.#####..≈≈.≈####
##.#..#.# ###≈..≈...#
#.....#.# #≈≈.#≈≈≈.#
#..#.##.# #≈#......#
........# #≈#@≈†.#.#
......### #.@.≈≈.......
..###.# ......#≈≈..###.
......# ...≈..#...≈...#
.#.#..#
..≈≈≈....#..#...
......#
............####.
......# .............
#....## ###########.##
##.#.#


You could see Jessica.

Vanquished Creatures
  A dart slug (D:1)
  2 ball pythons
  5 endoplasms (D:1)
  4 goblins (D:1)
  2 hobgoblins (D:1)
  5 jackals (D:1)
  A kobold (D:1)
  3 quokkas (D:1)
  2 bats (D:1)
  4 frilled lizards
  A rat (D:1)
30 creatures vanquished.

Notes
Turn   | Place    | Note
-------+----------+-------------------------------------------
     0 | D:1      | polve the Draconian Transmuter began the quest for the Orb.
     0 | D:1      | Reached XP level 1. HP: 16/16 MP: 3/3
    92 | D:1      | Reached XP level 2. HP: 12/23 MP: 3/5
   984 | D:1      | Reached XP level 3. HP: 26/28 MP: 4/6
  1304 | D:2      | Noticed Jessica
  1317 | D:2      | Slain by Jessica

Illustrated notes

Levels and vault maps discovered:
D:1:      zelgadis_glass_arrival_small, layout_basic
D:2:      layout_loops_cross, nicolae_overflow_hidden_temple,
          kiku_gazebo_garden_becter, chequers_serial_rivers_small_b,
          uniq_crazy_yiuf_cottage, uniq_sigmund, uniq_jessica

Skill      XL: |  1  2 |
---------------+-------+-----
Transmutations | 3 |  3.7
Fighting       | |  1.1
Dodging        | |  1.7
Unarmed Combat | |  3.0
Spellcasting   | |  2.0

Action                   || total
-------------------------++-------
Melee: Unarmed           ||   114
       Kick              ||    15
       Tailslap          ||    12
       Headbutt          ||     6
       Punch             ||     1
 Cast: Beastly Appendage ||    14
 Stab: Sleeping          ||     1
Armor: Skin              ||    49
Dodge: Dodged            ||    71

Table legend: (Time is in decaauts)
 A = Elapsed time spent in this place.
 B = Non-inter-level travel time spent in this place.
 C = Inter-level travel time spent in this place.
 D = Time resting spent in this place.
 E = Time spent auto-exploring this place.
 F = Levels seen in this place.
 G = Mean time per level.
                   A        B        C        D        E       F      G
               +--------+--------+--------+--------+--------+-----+--------+
         Total |   1316 |   1303 |     13 |      0 |   1069 |   2 |  658.0 |
       Dungeon |   1316 |   1303 |     13 |      0 |   1069 |   2 |  658.0 |
               +--------+--------+--------+--------+--------+-----+--------+

Top non-repeatable levels by time:
     D:1: 1245 daAuts
     D:2: 70 daAuts
